 Dungeon Crawl Stone Soup version 0.21.1-1-g345015f (webtiles) character file.

46057 GrunderHorse the Severer (level 14, -2/114 HPs)
             Began as a Formicid Fighter on Mar 18, 2018.
             Was an Elder of Cheibriados.
             Killed from afar by a raiju (3 damage)
             ... with a living lightning
             ... on level 2 of the Abyss.
             The game lasted 00:45:18 (15879 turns).

GrunderHorse the Severer (Formicid Fighter)        Turns: 15879, Time: 00:45:19

Health: -2/114     AC: 19    Str: 37 (38) XL:     14   Next: 74%
Magic:  2/21       EV:  8    Int: 19      God:    Cheibriados [****..]
Gold:   462        SH: 21    Dex: 20      Spells: 13/13 levels left

rFire    + . .     SeeInvis +   k - +5 war axe (flame)
rCold    + . .     Gourm    .   c - +0 shield
rNeg     + . .     Faith    .   v - +0 plate armour
rPois    .         Spirit   .   (helmet unavailable)
rElec    .         Reflect  +   E - scarf {rC+ rF+}
rCorr    .         Harm     .   C - +2 pair of gloves {Str+3}
MR       +....                  l - +1 pair of boots {Stlth+}
Stlth    ..........             g - +6 amulet of reflection
HPRegen  0.29/turn              b - ring of positive energy
MPRegen  0.17/turn              (no ring)

@: very slow
A: permanent stasis, dig shafts and tunnels, four strong arms, antennae 3,
deterioration 1
a: Dig, Shaft Self, Bend Time, Temporal Distortion, Slouch, Renounce Religion


You were on level 2 of the Abyss.
You worshipped Cheibriados.
Cheibriados was greatly pleased with you.
You were not hungry.

You visited 4 branches of the dungeon, and saw 16 of its levels.
You visited the Abyss 1 time.
You also visited: Ossuary.

You collected 1399 gold pieces.
You spent 937 gold pieces at shops.

Inventory:

Hand Weapons
 k - a +5 war axe of flaming (weapon)
 w - the +3 hand axe "Jiumuveg" {pain, *Noise +Rage rF++}
   (You found it on level 11 of the Dungeon)

   In the hands of one skilled in necromantic magic, it inflicts extra damage on
   living creatures.
   It greatly protects you from fire.
   It lets you go berserk.
   It may make noises in combat.
Missiles
 h - 35 tomahawks (quivered)
 D - 3 throwing nets
 P - 6 exploding tomahawks
Armour
 c - a +0 shield (worn)
 l - a +1 pair of boots of stealth (worn)
 v - a +0 plate armour (worn)
 C - a +2 pair of gloves of strength (worn)
 E - a scarf of resistance (worn)
 N - the +2 ring mail of Acsej {*Contam rElec rN+ Stlth+}
   (You found it on level 10 of the Dungeon)

   It insulates you from electricity.
   It protects you from negative energy.
   It causes magical contamination when unequipped.
   It makes you more stealthy.
Magical Staves
 B - an uncursed staff of wizardry
Jewellery
 b - a ring of positive energy (left hand)
 g - a +6 amulet of reflection (around neck)
 u - an uncursed ring of protection from magic {unknown}
Wands
 a - a wand of enslavement (7)
 d - a wand of polymorph (9)
 r - a wand of iceblast (4)
 G - a wand of flame (24)
Scrolls
 i - 2 scrolls of identify
 m - a scroll of magic mapping
 o - 3 scrolls of remove curse
 p - a scroll of immolation {unknown}
 x - a scroll of fog {unknown}
 y - 3 scrolls of enchant armour {unknown}
 A - a scroll of amnesia {unknown}
 I - 2 scrolls of random uselessness {unknown}
 L - a scroll of silence {unknown}
Potions
 j - 4 potions of mutation
 n - 2 potions of berserk rage
 F - 2 potions of lignification
 H - 2 potions of curing
 J - a potion of ambrosia
Books
 s - a book of Conjurations

   Spells                             Type                      Level
   a - Magic Dart                     Conjuration                  1
   b - Searing Ray                    Conjuration                  2
   c - Dazzling Spray                 Conjuration/Hexes            3
   d - Fulminant Prism                Conjuration/Hexes            4
   e - Force Lance                    Conjuration/Translocation    4
   f - Iskenderun's Mystic Blast      Conjuration                  4
 K - a book of Changes

   Spells                             Type                      Level
   a - Beastly Appendage              Transmutation                1
   b - Sticks to Snakes               Transmutation                2
   c - Spider Form                    Transmutation/Poison         3
   d - Ice Form                       Ice/Transmutation            4
   e - Blade Hands                    Transmutation                5
 M - a book of Battle

   Spells                             Type                      Level
   a - Infusion                       Charms                       1
   b - Shroud of Golubria             Charms/Translocation         2
   c - Song of Slaying                Charms                       2
   d - Spectral Weapon                Hexes/Charms                 3
   e - Regeneration                   Charms/Necromancy            3
 O - a book of Cantrips

   Spells                             Type                      Level
   a - Confusing Touch                Hexes                        1
   b - Animate Skeleton               Necromancy                   1
   c - Summon Small Mammal            Summoning                    1
   d - Apportation                    Translocation                1
Comestibles
 f - 24 rations


   Skills:
 + Level 11.9 Fighting
 - Level 16.0 Axes
 - Level 8.4 Armour
 + Level 12.5 Shields
 + Level 9.9 Invocations


You had 13 spell levels left.
You didn't know any spells.

Dungeon Overview and Level Annotations

Branches:
Dungeon (12/15)            Temple (1/1) D:4            Lair (0/6) D:10
    Orc (2/2) D:9             Elf (1/3) Orc:2

Altars:
Ashenzari
Cheibriados
Dithmenos
Elyvilon
Fedhas
Gozag
Kikubaaqudgha
Makhleb
Nemelex Xobeh
Okawaru
Qazlal
Ru
Sif Muna
Trog
Uskayaw
Vehumet
Wu Jian
Xom
Yredelemnul
Zin
The Shining One
Beogh

Shops:
D:10 [*(::   Orc:2 ?%?%


Innate Abilities, Weirdness & Mutations

You cannot be hasted, slowed, berserked, paralysed or teleported.
You can dig through walls and to a lower floor.
Your four strong arms can wield two-handed weapons with a shield.
You have a pair of large antennae on your head. (SInv)
Your body sometimes deteriorates upon taking damage.


Message History

The living lightning hits you!
* * * LOW HITPOINT WARNING * * *
The raiju blinks!
The raiju bursts into living lightning!
The living lightning hits you!
* * * LOW HITPOINT WARNING * * *
The raiju blinks!
You can feel time thicken for a moment.
You feel somewhat more hungry.
You can no longer step out of the time flow.
Cheibriados lowers the support of your attributes as your movement quickens.
The raiju bursts into living lightning!
The living lightning hits you!
* * * LOW HITPOINT WARNING * * *
The living lightning hits you!
* * * LOW HITPOINT WARNING * * *
The raiju blinks!
You can feel time thicken for a moment.
You feel somewhat more hungry.
The raiju bursts into living lightning!
The living lightning hits you!
You die...

. . #.# #. . #.
# .# # . ##. .
######## .. #
##.....###
#.###.#.......#
. #
#.....h@.###.##X
# # .........#
#.....{X#
########## #####
###


You could see a raiju.

Vanquished Creatures
  A deep elf sorcerer (Elf:1)
  Azrael (D:12)
  Erolcha (Orc:1)
  3 dancing weapons (Elf:1)
  12 two-headed ogres
  2 ogre magi (Orc:2)
  2 deep elf knights (Elf:1)
  An orc high priest (Elf:1)
  The ghost of rawrhax the Basher, a novice MiFi of Trog (D:7)
  2 deep trolls (Orc:2)
  An unseen horror (D:10)
  Pikel (D:5)
  A deep elf archer (Elf:1)
  2 orc knights (Orc:1)
  3 cyclopes
  3 orc sorcerers
  17 deep elf magi (Elf:1)
  A large abomination (Abyss:2)
  Psyche (D:8)
  A gargoyle (D:9)
  A freezing wraith (Abyss:2)
  2 kobold demonologists (D:8)
  12 trolls
  A meliai zombie (D:10)
  Prince Ribbit (D:8)
  A hornet (D:8)
  A hippogriff (D:11)
  An air elemental (Elf:1)
  Sigmund (D:5)
  A wyvern (D:8)
  7 yaks
  A hungry ghost (D:9)
  A fire elemental (D:12)
  Grum (D:8)
  6 wargs
  Menkaure (D:5)
  A water moccasin (D:10)
  Duvessa (D:6)
  2 sky beasts
  A hornet zombie (D:8)
  12 orc warriors
  5 ice beasts
  3 black bears
  25 ogres
  2 wolves (D:8)
  5 centaurs
  A crocodile (shapeshifter) (Elf:1)
  4 big kobolds
  3 bullfrogs
  A wyvern zombie (D:11)
  Dowan (D:6)
  5 scorpions
  16 killer bees
  An electric eel (D:7)
  3 howler monkeys
  2 jellies
  7 crimson imps
  6 starcursed masses (Abyss:2)
  2 bullfrog zombies (D:5)
  6 centaur zombies
  12 orc priests
  Crazy Yiuf (D:6)
  4 centaur skeletons
  6 hounds
  23 orc wizards
  3 bullfrog skeletons
  2 iguanas
  5 worker ants
  A big kobold zombie (Ossuary)
  A hound zombie (D:9)
  A human simulacrum (Abyss:2)
  2 hound skeletons
  4 mummies (Ossuary)
  A howler monkey zombie (D:6)
  4 gnolls (Orc:1)
  3 worker ant zombies
  13 adders
  3 shadow imps
  2 adder zombies (D:7)
  A worm (D:3)
  2 dart slugs
  6 leopard geckos
  98 orcs
  9 bats
  4 giant cockroaches
  8 goblins
  6 hobgoblins
  2 jackals (D:8)
  20 kobolds
  4 quokkas
  4 ball pythons
  7 frilled lizards
  A giant cockroach zombie (D:5)
  A hobgoblin zombie (Ossuary)
  A jackal skeleton (D:4)
  A leopard gecko zombie (D:8)
  A quokka skeleton (D:5)
  A quokka zombie (D:6)
  4 rats
  2 fungi
485 creatures vanquished.

Vanquished Creatures (others)
  3 centaurs
  A leopard gecko (D:5)
  An orc (Orc:2)
  6 starspawn tentacles (Abyss:2)
11 creatures vanquished.

Grand Total: 496 creatures vanquished

Notes
Turn   | Place    | Note
-------+----------+-------------------------------------------
     0 | D:1      | GrunderHorse the Formicid Fighter began the quest for the Orb.
     0 | D:1      | Reached XP level 1. HP: 18/18 MP: 1/1
   208 | D:1      | Reached XP level 2. HP: 24/24 MP: 2/2
   643 | D:1      | Reached XP level 3. HP: 23/29 MP: 3/3
   945 | D:2      | Reached skill level 5 in Armour
   945 | D:2      | Reached XP level 4. HP: 17/35 MP: 4/4
  1154 | D:2      | Found a burning altar of Makhleb.
  1358 | D:2      | Reached XP level 5. HP: 31/41 MP: 5/5
  2084 | D:2      | Found a bloodstained altar of Trog.
  2085 | D:2      | Found an iron altar of Okawaru.
  2464 | D:3      | Found a blossoming altar of Fedhas.
  2907 | D:4      | Found a radiant altar of Vehumet.
  2914 | D:4      | Reached XP level 6. HP: 40/47 MP: 6/6
  2998 | D:4      | Found a staircase to the Ecumenical Temple.
  3050 | Temple   | Entered the Ecumenical Temple
  3180 | Temple   | Became a worshipper of Cheibriados the Contemplative
  3201 | D:4      | Found a sacrificial altar of Ru.
  3214 | D:4      | Found a shattered altar of Ashenzari.
  3215 | D:4      | Found a shimmering altar of Xom.
  3408 | D:4      | Found a deep blue altar of Sif Muna.
  3623 | D:5      | Entered Level 5 of the Dungeon
  3661 | D:5      | Noticed a sky beast
  3676 | D:5      | Killed a sky beast
  3676 | D:5      | Reached XP level 7. HP: 46/52 MP: 7/7
  3743 | D:5      | Reached skill level 3 in Axes
  3983 | D:5      | Noticed Pikel
  3984 | D:5      | Noticed Sigmund
  3996 | D:5      | Killed Pikel
  3996 | D:5      | Reached skill level 6 in Axes
  3996 | D:5      | Reached XP level 8. HP: 45/58 MP: 8/8
  4008 | D:5      | Killed Sigmund
  4008 | D:5      | Reached skill level 7 in Axes
  4077 | D:5      | Noticed Menkaure
  4080 | D:5      | Killed Menkaure
  4084 | D:5      | Reached XP level 9. HP: 30/64 MP: 9/9
  4273 | D:5      | Reached * piety under Cheibriados
  4276 | D:5      | Reached skill level 8 in Axes
  4334 | D:5      | Found an opulent altar of Gozag.
  4472 | D:5      | Found an ornate altar of the Wu Jian Council.
  4862 | D:6      | Reached skill level 9 in Axes
  4876 | D:6      | Found a sacrificial altar of Ru.
  4899 | D:6      | Noticed Duvessa
  4899 | D:6      | Noticed Dowan
  4910 | D:6      | Killed Duvessa
  4912 | D:6      | Killed Dowan
  5193 | D:6      | Reached ** piety under Cheibriados
  5252 | D:6      | Found a glowing silver altar of Zin.
  5300 | D:6      | Reached skill level 10 in Axes
  5380 | D:6      | Found a burning altar of Makhleb.
  5449 | D:6      | Found a runed door.
  5811 | D:6      | Noticed Crazy Yiuf
  5819 | D:6      | Killed Crazy Yiuf
  5907 | D:7      | Noticed rawrhax's ghost (novice MiFi)
  6113 | D:7      | Killed rawrhax's ghost
  6113 | D:7      | Reached skill level 11 in Axes
  6113 | D:7      | Reached XP level 10. HP: 69/70 MP: 10/10
  6206 | D:7      | Reached *** piety under Cheibriados
  6243 | D:7      | Reached skill level 12 in Axes
  6844 | D:8      | Noticed Grum
  6859 | D:8      | Killed Grum
  7082 | D:8      | Noticed Psyche
  7086 | D:8      | Killed Psyche
  7086 | D:8      | Reached skill level 13 in Axes
  7104 | D:8      | Found a glowing golden altar of the Shining One.
  7222 | D:8      | Reached **** piety under Cheibriados
  7251 | D:8      | Found a sand-covered staircase.
  7270 | Ossuary  | Entered an ossuary
  7605 | D:8      | Noticed a two-headed ogre
  7608 | D:8      | Noticed a kobold demonologist
  7608 | D:8      | Noticed a kobold demonologist
  7611 | D:8      | Killed a two-headed ogre
  7611 | D:8      | Reached XP level 11. HP: 45/75 MP: 11/11
  7619 | D:8      | Reached skill level 14 in Axes
  7858 | D:8      | Noticed Prince Ribbit
  7859 | D:8      | Reached ***** piety under Cheibriados
  7872 | D:8      | Killed Prince Ribbit
  8354 | D:9      | Found a staircase to the Orcish Mines.
  8507 | D:9      | Reached skill level 15 in Axes
  8530 | D:9      | Found a roughly hewn altar of Beogh.
  8658 | D:9      | Reached ****** piety under Cheibriados
  8927 | D:9      | Found a shadowy altar of Dithmenos.
  8960 | Orc:1    | Entered Level 1 of the Orcish Mines
  8960 | Orc:1    | Noticed an orc knight
  8967 | Orc:1    | Killed an orc knight
  9037 | Orc:1    | Reached XP level 12. HP: 41/81 MP: 12/12
  9315 | Orc:1    | Reached skill level 16 in Axes
  9459 | Orc:1    | Noticed Erolcha
  9464 | Orc:1    | Killed Erolcha
  9643 | Orc:1    | Found a roughly hewn altar of Beogh.
  9677 | Orc:1    | Reached skill level 5 in Shields
 10045 | Orc:2    | Entered Level 2 of the Orcish Mines
 10053 | Orc:2    | Reached skill level 5 in Fighting
 10748 | Orc:2    | Noticed a sun demon
 10762 | Orc:2    | Noticed a two-headed ogre
 10768 | Orc:2    | Killed a two-headed ogre
 10772 | Orc:2    | Noticed a two-headed ogre
 10784 | Orc:2    | Noticed a two-headed ogre
 10785 | Orc:2    | Killed a two-headed ogre
 10800 | Orc:2    | Noticed an ogre mage
 10805 | Orc:2    | Noticed a two-headed ogre
 10810 | Orc:2    | Noticed a two-headed ogre
 10811 | Orc:2    | Killed an ogre mage
 10811 | Orc:2    | Reached skill level 1 in Invocations
 10811 | Orc:2    | Reached XP level 13. HP: 26/98 MP: 10/14
 11217 | Orc:2    | Found Comoit's Food Boutique.
 11220 | Orc:2    | Reached skill level 5 in Invocations
 11476 | Orc:2    | Found a staircase to the Elven Halls.
 11581 | Orc:2    | Reached skill level 10 in Shields
 11918 | Orc:2    | Found Tifupsoi's Food Boutique.
 11923 | Orc:2    | Found Pithreoly's Magic Scroll Emporium.
 11932 | Orc:2    | Found Uqanog's Magic Scroll Shop.
 11973 | Orc:2    | Bought a scroll of acquirement for 780 gold pieces
 12234 | D:10     | Entered Level 10 of the Dungeon
 12268 | D:10     | Found a staircase to the Lair.
 12390 | D:10     | Reached skill level 10 in Fighting
 12428 | D:10     | Found Vana's Book Boutique.
 12470 | D:10     | Got an ancient ring mail
 12506 | D:10     | Identified the +2 ring mail of Acsej {*Contam rElec rN+ Stlth+} (You found it on level 10 of the Dungeon)
 12520 | D:10     | Found Ulirr's Weapon Shop.
 12540 | D:10     | Gained mutation: Your body sometimes deteriorates upon taking damage. [mutagenic glow]
 12566 | D:10     | Found Tezuxax's Antique Armour Shop.
 12572 | D:10     | Bought a pair of runed boots for 157 gold pieces
 12709 | D:10     | Found Ucviesm's General Store.
 12846 | D:10     | Found Lathron's Book Shoppe.
 12884 | D:10     | Found a white marble altar of Elyvilon.
 13584 | D:11     | Got a twisted hand axe
 13585 | D:11     | Identified the cursed +3 hand axe "Jiumuveg" {pain, *Noise +Rage rF++} (You found it on level 11 of the Dungeon)
 13785 | D:12     | Noticed Azrael
 13803 | D:12     | Killed Azrael
 13803 | D:12     | Reached XP level 14. HP: 37/111 MP: 19/19
 14170 | Elf:1    | Entered Level 1 of the Elven Halls
 14535 | Elf:1    | Noticed a deep elf sorcerer
 14540 | Elf:1    | Killed a deep elf sorcerer
 15326 | Elf:1    | Noticed a deep elf sorcerer
 15582 | Elf:1    | Cast into level 2 of the Abyss (a deep elf sorcerer)
 15648 | Abyss:2  | Noticed a starcursed mass
 15683 | Abyss:2  | Noticed a tentacled starspawn
 15868 | Abyss:2  | Noticed a tentacled starspawn
 15878 | Abyss:2  | HP: 4/114 [raiju/living lightning (11)]
 15878 | Abyss:2  | HP: 1/114 [raiju/living lightning (3)]
 15879 | Abyss:2  | Killed from afar by a raiju

Skill      XL: |  1  2  3  4  5  6  7  8  9 10 11 12 13 14 |
---------------+-------------------------------------------+-----
Armour         | 4 5 7 8 |  8.4
Axes           | 6 7 11 13 15 16 | 16.0
Fighting       | 8 10 11 | 11.9
Shields        | 8 11 12 | 12.5
Invocations    | 1 7 9 |  9.9

Action                   |  1- 3 |  4- 6 |  7- 9 | 10-12 | 13-15 || total
-------------------------+-------+-------+-------+-------+-------++-------
Melee: War axe           |    85 |   162 |   213 |   466 |   323 ||  1249
       Hand axe          |       |       |       |       |    14 ||    14
Throw: Tomahawk          |       |       |       |    12 |       ||    12
Invok: Bend Time         |       |       |       |     1 |     3 ||     4
       Step From Time    |       |       |       |       |     6 ||     6
       Slouch            |       |       |       |       |     3 ||     3
 Abil: Dig               |       |       |     1 |     1 |    24 ||    26
Evoke: Wand              |       |       |       |    10 |     2 ||    12
  Use: Potion            |       |     3 |     3 |     5 |     8 ||    19
       Scroll            |       |     7 |     1 |     8 |     5 ||    21
 Stab: Confused          |       |       |       |     4 |       ||     4
  Eat: Chunk             |       |     6 |     5 |     9 |     5 ||    25
       Ration            |       |     1 |       |       |     2 ||     3
Armor: Scale mail        |    43 |    51 |    14 |       |       ||   108
       Chain mail        |       |       |    46 |    92 |       ||   138
       Plate armour      |       |       |       |    12 |    91 ||   103
Dodge: Dodged            |    38 |    55 |    40 |    86 |    77 ||   296
Block: Shield            |    49 |    78 |   124 |   379 |   359 ||   989
       Reflection        |       |       |     2 |    13 |    29 ||    44
